 Dungeon Crawl Stone Soup version 0.18.1-2-ga659475 (webtiles) character file.

406100 shinino the Pioneer (level 22, -5/217 HPs)
             Began as a Deep Dwarf Fighter on May 7, 2016.
             Was an Elder of Pakellas.
             Slain by a juggernaut (41 damage)
             ... on level 5 of the Depths.
             The game lasted 05:25:14 (43794 turns).

shinino the Pioneer (Deep Dwarf Fighter)           Turns: 43794, Time: 05:25:15

Health: -5/217     AC: 44    Str: 25    XL:     22   Next: 37%
Magic:  2/30       EV: 20    Int:  8    God:    Pakellas [****..]
Gold:   5813       SH:  2    Dex: 20    Spells: 0 memorised, 21 levels left

rFire  + . .     SeeInvis .     a - +8 battleaxe (chaos)
rCold  + . .     Gourm    .     t - +8 plate armour of Nonysaz {rN++ rCorr Str+3 Stlth+}
rNeg   + + +     Faith    .     (shield currently unavailable)
rPois  .         Spirit   .     Z - +2 hat {MR+}
rElec  .         Dismiss  .     v - +2 cloak
rCorr  +         Reflect  +     V - +2 pair of gloves
SustAt .         Harm     .     k - +2 pair of boots
MR     ++++.     Rnd*Tele +     T - amulet of Fulineiz {Reflect +Inv Dex+2 SH+2}
Stlth  +.........               H - ring "Utwulus" {+Fly rC+ rN++ Str-2 Dex-2}
                                N - ring of protection from fire

@: non-regenerating, incredibly resistant to hostile enchantments, very
unstealthy
A: damage resistance, recharge devices, horns 1, rough black scales 1, agile 1,
mutation resistance 2, negative energy resistance 1, sense surroundings 3, slow
regeneration 3, teleportitis 1, subdued magic 1, MP-powered wands
a: Device Recharging, Quick Charge, Device Surge, Renounce Religion, Evoke
Invisibility, Evoke Flight
}: 2/15 runes: barnacled, gossamer


You were on level 5 of the Depths.
You worshipped Pakellas.
Pakellas was greatly pleased with you.
You were not hungry.

You visited 7 branches of the dungeon, and saw 41 of its levels.
You visited 1 bazaar.
You also visited: Bailey.

You collected 7522 gold pieces.
You spent 1709 gold pieces at shops.

Inventory:

Hand Weapons
 a - a +8 battleaxe of chaos (weapon)
Armour
 k - a +2 pair of boots (worn)
 t - the +8 plate armour of Nonysaz (worn) {rN++ rCorr Str+3 Stlth+}
   (You bought it in a shop on level 5 of the Dungeon)

   It affects your strength (+3).
   It greatly protects you from negative energy.
   It protects you from acid and corrosion.
   It makes you more stealthy.
 v - a +2 cloak (worn)
 V - a +2 pair of gloves (worn)
 Z - a +2 hat of magic resistance (worn)
Rods
 b - a +10 iron rod (18/18)
   (Pakellas gifted it to you on level 12 of the Dungeon)
 E - a +0 rod of ignition (11/11)
   (You found it on level 3 of the Elven Halls)
 W - a +3 lightning rod (9/9)
   (You took it off a yaktaur on level 2 of the Depths)
Jewellery
 h - the ring of Yffimaym {MR+ Str+3}
   (You found it on level 4 of the Depths)

   [ring of protection from magic]

   It affects your strength (+3).
   It affects your resistance to hostile enchantments.
 H - the ring "Utwulus" (right hand) {+Fly rC+ rN++ Str-2 Dex-2}
   (You took it off a deep elf archer on level 2 of the Elven Halls)

   [ring of dexterity]

   It affects your strength (-2).
   It affects your dexterity (-2).
   It protects you from cold.
   It greatly protects you from negative energy.
   It lets you fly.
 N - a ring of protection from fire (left hand)
 S - an uncursed ring of protection from magic
 T - the amulet of Fulineiz (around neck) {Reflect +Inv Dex+2 SH+2}
   (You found it on level 2 of the Elven Halls)

   [amulet of reflection]

   It shields you and reflects attacks.
   It affects your dexterity (+2).
   It lets you turn invisible.
   It affects your SH (+2).
Wands
 e - a wand of heal wounds (2/9)
 l - a wand of slowing (19/48)
 r - a wand of lightning (5/15)
 w - a wand of digging (17/24)
 D - a wand of iceblast (3/15)
 F - a wand of hasting (4/9)
 I - a wand of confusion (35/48)
 M - a wand of teleportation (5/9)
 O - a wand of flame (29/48)
 Q - a wand of disintegration (3/24)
Scrolls
 c - 5 scrolls of fear
 m - 14 scrolls of remove curse
 n - 13 scrolls of teleportation
 o - 11 scrolls of magic mapping
 q - a scroll of enchant armour
 x - 2 scrolls of blinking
 y - 2 scrolls of fog
 J - 2 scrolls of identify
 K - 3 scrolls of summoning
 P - 2 scrolls of holy word
 R - a scroll of enchant weapon
 X - a scroll of amnesia
Potions
 d - 9 potions of might
 i - 6 potions of cancellation
 j - 2 potions of flight
 p - 9 potions of lignification
 s - 8 potions of brilliance
 z - a potion of agility
 B - 4 potions of berserk rage
 G - a potion of haste
 Y - 2 potions of invisibility
Books
 u - the Guide on the Frigorific Voyage
   (You found it on level 3 of the Depths)

   Spells                             Type                      Level
   a - Freeze                         Ice                          1
   b - Summon Forest                  Summoning/Translocation      5
   c - Freezing Cloud                 Conjuration/Ice/Air          6
   d - Ozocubu's Refrigeration        Ice                          6
 A - the Guide on Poisonous Confrontation
   (You found it on level 3 of the Depths)

   Spells                             Type                      Level
   a - Ignite Poison                  Fire/Transmutation/Poison    3
   b - Throw Icicle                   Conjuration/Ice              4
   c - Sticky Flame                   Conjuration/Fire             4
   d - Irradiate                      Conjuration/Transmutation    5
   e - Freezing Cloud                 Conjuration/Ice/Air          6
 L - a book of Envenomations

   Spells                             Type                      Level
   a - Spider Form                    Transmutation/Poison         3
   b - Olgreb's Toxic Radiance        Poison                       4
   c - Alistair's Intoxication        Transmutation/Poison         5
   d - Poisonous Cloud                Conjuration/Poison/Air       6
Miscellaneous
 C - a lamp of fire (inert)
 U - a phial of floods (inert)
Comestibles
 f - 16 bread rations


   Skills:
 + Level 17.0 Fighting
 - Level 21.0 Axes
 + Level 19.3 Armour
 + Level 16.5 Dodging
 - Level 7.2 Stealth
   Level 3.2 Shields
 + Level 22.5 Evocations


You had 21 spell levels left.
You didn't know any spells.

Dungeon Overview and Level Annotations

Branches:
Dungeon (15/15)            Temple (0/1) D:7            Lair (8/8) D:8
 Shoals (4/4) Lair:4       Spider (4/4) Lair:4        Slime (0/6) Lair:7
    Orc (2/2) D:12            Elf (3/3) Orc:2        Vaults (0/5) D:14
 Depths (5/5) D:15            Zot (0/5) Depths:5

Altars:
Cheibriados
Elyvilon
Gozag
Okawaru
Pakellas
Trog
Xom
Zin
The Shining One
Beogh
Jiyva

Shops:
D:4 =   D:5 %}(([   Orc:2 *[(:   Elf:1 %:%   Depths:1 [   Depths:3 }

Portals:
Hell: Depths:1 Depths:2 Depths:3 Depths:4
Abyss: Depths:1 Depths:4
Pandemonium: Depths:3
Ziggurat: Depths:2

Annotations:
Depths:5 Margery


Innate Abilities, Weirdness & Mutations

You are resistant to damage.
You can recharge devices by infusing magical energy.
You resist negative energy.
You passively map a large area around you.
You do not regenerate naturally.
You have a pair of small horns on your head.
You are partially covered in rough black scales (AC +4, Dex -1).
You are agile. (Dex +2)
You are somewhat resistant to both further mutation and mutation removal.
You are occasionally teleported next to monsters.
Your spells are a little easier to cast, but a little less powerful.
You expend magic power (3 MP) to strengthen your wands.


Message History

What do you say? t - Shout!
Orders for allies: a - Attack new target. p - Attack previous target. r - Retreat! s - Stop attacking. w - Wait here. f - Follow me.
Anything else - Stay silent.
Gang up on whom?
Press: ? - help, Dir - move target cursor, f/p - juggernaut
Aim: a juggernaut (lightly wounded) Attack!
You hear a shout!
The necromancer casts a spell at you. You resist with almost no effort.
A hell knight and Margery come into view.
Your water elemental hits the necromancer!
Your water elemental engulfs the necromancer in water!
Your water elemental closely misses the hell knight.
The juggernaut hits you!!!
You die...
Pakellas says: That's one more possible approach eliminated.

#..#♣♣.♣♣#..#
#..[........# *
#..#♣♣.♣♣#).# ,
#..# ♣.♣ #..#*,
, #..###.###..#
#...........#,,
, #...........#
8 #...(.......#
, ,
#.@.........#
8,
#..C........#
#...........#
#....p......# *
######'###..#
.pE.#+## * ,, ,
p....# * *
p..pE.#, *
,...≈≈≈.+


You could see a juggernaut, 2 hell knights and a friendly water elemental.

Vanquished Creatures
  Frederick (Depths:4)
  2 caustic shrikes (Depths:4)
  Saint Roka (Orc:2)
  A golden dragon (Depths:4)
  Arachne (Spider:4)
  A tentacled monstrosity (Depths:4)
  4 liches
  Rupert (Lair:6)
  A titan (Depths:4)
  5 deep elf blademasters (Elf:3)
  A quicksilver dragon (Depths:4)
  3 deep elf master archers (Elf:3)
  The ghost of Warped the Severer, an adept HOGl of Okawaru (Shoals:4)
  A kraken (Shoals:3)
  Gastronok (Lair:2)
  A sphinx (Depths:4)
  Ilsuiw (Shoals:4)
  2 tengu reavers (Depths:2)
  2 shadow dragons
  8 fire giants
  8 frost giants
  An iron dragon (Depths:1)
  An orc warlord (Orc:2)
  6 ghost moths
  Donald (Orc:2)
  A caustic shrike zombie (Depths:1)
  6 deep elf sorcerers
  Louise (Shoals:3)
  6 emperor scorpions
  A cacodemon (Depths:3)
  A deep elf elementalist (Elf:3)
  A draconian annihilator (Depths:5)
  A reaper (Depths:1)
  8 stone giants
  12 very ugly things
  3 deep elf demonologists
  A black draconian (Depths:5)
  5 vampire knights
  6 deep elf annihilators (Elf:3)
  A mottled draconian (Depths:5)
  A purple draconian (Depths:5)
  3 spark wasps
  3 merfolk javelineers (Shoals:4)
  7 ettins
  Snorg (Lair:7)
  5 deep elf death magi
  11 slime creatures
  A vault guard (D:14)
  6 yaktaur captains
  A merfolk impaler (Shoals:1)
  10 fire dragons
  Josephine (Lair:6)
  A blizzard demon (Depths:4)
  11 entropy weavers
  3 deep elf high priests
  5 great orbs of eyes
  3 rakshasas
  8 hydras
  9 ice dragons
  A catoblepas (Shoals:4)
  An alligator snapping turtle (shapeshifter) (Depths:4)
  4 ogre magi
  5 centaur warriors
  6 merfolk aquamancers
  2 spriggan air magi
  Erica (D:8)
  6 deep troll shamans
  2 satyrs
  7 death yaks
  5 deep troll earth magi
  25 dancing weapons
  10 tengu warriors
  A soul eater (Depths:3)
  14 deep elf knights
  An orc high priest (Orc:2)
  A spriggan berserker (Depths:3)
  6 hell knights
  Sonja (D:15)
  Nergalle (D:10)
  2 salamander mystics
  3 iron trolls
  A shadow wraith (D:14)
  2 giant orange brains
  3 flayed ghosts
  A storm dragon skeleton (Depths:1)
  13 deep trolls
  An infernal demonspawn (Depths:3)
  11 sea snakes
  11 deep elf archers
  2 unseen horrors
  7 hill giants
  4 orc knights (Orc:2)
  5 necromancers
  A lindwurm (D:14)
  22 harpies
  4 wizards
  Pikel (D:6)
  3 orc sorcerers (Orc:2)
  23 orb spiders
  10 griffons
  An orb spider (shapeshifter) (D:13)
  40 deep elf magi
  8 fauns (Shoals:2)
  A stone giant zombie (Depths:1)
  26 ugly things
  5 moths of wrath
  29 wolf spiders
  6 cyclopes
  10 manticores
  8 elephants
  A hornet (shapeshifter) (Depths:2)
  3 large abominations (Elf:1)
  An oklob plant (Lair:8)
  5 salamanders
  5 hornets
  9 sirens
  A frost giant skeleton (Depths:1)
  An octopode (shapeshifter) (Depths:5)
  Maurice (D:8)
  A molten gargoyle (Depths:1)
  3 centaur zombies
  5 water nymphs
  A stone giant skeleton (Depths:1)
  7 black mambas
  The ghost of murtidash the Cleaver, a novice HOHu (D:5)
  2 torpor snails
  3 gargoyles
  A rust devil (Depths:3)
  21 spiny frogs
  3 centaur skeletons
  A spriggan zombie (Depths:1)
  4 freezing wraiths
  An efreet (D:9)
  3 rime drakes
  A kobold demonologist (D:14)
  8 tengu conjurers
  14 demonic crawlers
  2 ice devils (Depths:4)
  10 komodo dragons
  25 yaktaurs
  17 merfolk
  4 trolls
  6 two-headed ogres
  38 jumping spiders
  A wind drake (Shoals:1)
  A giant leech (Lair:8)
  10 polar bears
  2 snapping turtles (Shoals:1)
  A snapping turtle (shapeshifter) (Shoals:4)
  31 blink frogs
  An ettin zombie (Depths:1)
  2 boulder beetles
  107 redbacks
  3 air elementals
  19 water elementals
  A shadow (D:12)
  A tarantella (shapeshifter) (Depths:2)
  6 wyverns
  A redback (shapeshifter) (Depths:4)
  Sigmund (D:3)
  20 tarantellas
  7 wraiths
  Eustachio (D:5)
  43 yaks
  A steam dragon (D:11)
  A basilisk (D:12)
  22 hippogriffs
  A neqoxec (Depths:3)
  11 vampire mosquitoes
  4 fire elementals
  5 hungry ghosts
  Menkaure (D:5)
  2 wargs (Orc:1)
  7 porcupines
  16 water moccasins
  A soldier ant (D:15)
  Duvessa (D:6)
  A slave (D:6)
  2 phantoms
  2 wasps (Spider:4)
  12 ice beasts
  31 orc warriors
  3 black bears
  A boggart (shapeshifter) (Depths:4)
  2 eyes of draining (D:13)
  2 necrophages
  A black bear (shapeshifter) (D:15)
  2 sky beasts
  3 boggarts (Depths:2)
  20 centaurs
  29 ogres
  11 crocodiles
  6 big kobolds
  3 elf zombies (Elf:1)
  A big kobold (shapeshifter) (Depths:4)
  35 giant frogs
  Blork the orc (D:5)
  A wyvern zombie (D:9)
  Dowan (D:6)
  8 gnoll sergeants (Bailey)
  3 scorpions
  7 killer bees
  A howler monkey (D:4)
  17 electric eels
  6 crimson imps
  A giant frog zombie (D:9)
  A quasit (D:13)
  4 jellies
  9 hounds
  16 orc wizards
  6 gnoll shamans (Bailey)
  17 orc priests
  A giant frog skeleton (D:11)
  17 iguanas
  Ijyb (D:3)
  6 hell rats (Lair:5)
  12 worker ants
  2 yak simulacra (Lair:7)
  7 wolf simulacra (Lair:7)
  A polar bear simulacrum (Lair:7)
  2 killer bee zombies
  47 sheep
  A hound zombie (D:6)
  A hound skeleton (D:7)
  A howler monkey skeleton (D:8)
  16 gnolls
  84 river rats
  11 adders
  6 shadow imps
  2 white imps (Depths:4)
  3 worms
  A dart slug (D:3)
  3 giant geckos
  69 orcs
  3 bats
  6 giant cockroaches
  13 goblins
  4 hobgoblins
  8 jackals
  24 kobolds
  2 quokkas
  4 giant newts
  A jackal skeleton (D:7)
  A quokka skeleton (D:4)
  9 rats
  A river rat simulacrum (Lair:7)
  2 crawling corpses (Depths:4)
  10 fungi
  24 plants
  3 tentacles (Shoals:3)
1780 creatures vanquished.

Vanquished Creatures (collateral kills)
  Mara (Shoals:4)
  A juggernaut (Depths:2)
  Nikola (Elf:1)
  Jorgrun (Shoals:4)
  A deep elf master archer (Elf:3)
  Polyphemus (Shoals:4)
  Maud (D:10)
  An iron dragon (Depths:1)
  A very ugly thing (Depths:1)
  3 merfolk javelineers (Shoals:4)
  A merfolk impaler (Shoals:4)
  3 hydras
  3 merfolk aquamancers (Shoals:4)
  A tengu warrior (D:12)
  2 deep elf knights
  A storm dragon zombie (Depths:1)
  3 sea snakes (Shoals:4)
  A hill giant (D:12)
  A wolf spider (D:12)
  3 manticores (Shoals:4)
  2 ugly things (Depths:1)
  A deep elf mage (D:12)
  A cyclops (Shoals:4)
  2 sirens (Shoals:4)
  A water nymph (Shoals:4)
  2 ice statues (Depths:4)
  2 yaktaurs (Depths:1)
  A rime drake (Depths:2)
  5 merfolk (Shoals:4)
  A spriggan skeleton (Depths:1)
  A wind drake (Shoals:4)
  2 snapping turtles (Shoals:4)
  2 water elementals (Shoals:4)
  A yak (D:12)
  A hippogriff (Lair:6)
  An orc warrior (Orc:2)
  A wasp (Spider:4)
  A deep troll simulacrum (Depths:1)
  2 sky beasts (D:12)
  A giant frog (D:12)
  A gnoll sergeant (D:10)
  A killer bee (D:10)
  An electric eel (D:12)
  A crimson imp (Depths:1)
  A hound (D:10)
  An orc priest (Orc:2)
  A gnoll (D:10)
  An orc (Orc:2)
70 creatures vanquished.

Vanquished Creatures (others)
  A deep elf master archer (Elf:3)
  A shadow dragon (Depths:4)
  A fire giant (Depths:5)
  A frost giant (Depths:4)
  A white draconian (Depths:5)
  A deep elf high priest (Depths:4)
  A merfolk impaler (Shoals:3)
  A fire dragon (Depths:4)
  A hydra (D:4)
  A deep elf knight (Elf:2)
  A tengu conjurer (Depths:2)
  A two-headed ogre (Depths:3)
  3 yaks (D:12)
  An air elemental (Elf:3)
  A tarantella (Spider:3)
  A redback (Spider:2)
  A water elemental (Elf:3)
  An ice beast (D:12)
  An ogre (Depths:2)
  A crimson imp (D:12)
  A kobold (D:12)
  2 crawling corpses (Elf:3)
  15 fungi
  12 plants
  11 tentacles (Shoals:3)
  407 tentacle segments (Shoals:3)
470 creatures vanquished.

Grand Total: 2320 creatures vanquished

Notes
Turn   | Place    | Note
--------------------------------------------------------------
     0 | D:1      | shinino the Deep Dwarf Fighter began the quest for the Orb.
     0 | D:1      | Reached XP level 1. HP: 20/20 MP: 1/1
   304 | D:1      | Reached XP level 2. HP: 22/27 MP: 2/2
   740 | D:2      | Found a white marble altar of Elyvilon.
   824 | D:2      | Reached XP level 3. HP: 25/33 MP: 3/3
   956 | D:2      | Found a shimmering altar of Xom.
  1099 | D:3      | Noticed Sigmund
  1159 | D:3      | Killed Sigmund
  1159 | D:3      | Reached XP level 4. HP: 39/40 MP: 4/4
  1159 | D:3      | Reached XP level 5. HP: 45/46 MP: 5/5
  1332 | D:3      | Found a snail-covered altar of Cheibriados.
  1469 | D:3      | Found a faded altar to an unknown god.
  1523 | D:3      | Noticed Ijyb
  1544 | D:3      | Killed Ijyb
  1738 | D:4      | Noticed a phantom
  1772 | D:4      | Reached XP level 6. HP: 42/55 MP: 6/6
  2037 | D:4      | Found an oddly glowing altar of Pakellas.
  2038 | D:4      | Noticed a five-headed hydra
  2041 | D:4      | Became a worshipper of Pakellas the Inventive
  2050 | D:4      | Killed a five-headed hydra
  2063 | D:4      | Found Vyit's Jewellery Boutique.
  2142 | D:4      | Reached XP level 7. HP: 58/61 MP: 6/6
  2426 | D:4      | Found a glowing silver altar of Zin.
  2426 | D:4      | Found an opulent altar of Gozag.
  2573 | D:5      | Entered Level 5 of the Dungeon
  2703 | D:5      | Found Wagomer's Gadget Shoppe.
  2735 | D:5      | Noticed murtidash's ghost (novice HOHu)
  2754 | D:5      | Killed murtidash's ghost
  2754 | D:5      | Reached skill level 3 in Evocations
  2754 | D:5      | Reached XP level 8. HP: 51/68 MP: 6/9
  2765 | D:5      | Found Daet's Antique Weapon Shop.
  2809 | D:5      | Noticed Blork the orc
  2819 | D:5      | Killed Blork the orc
  2819 | D:5      | Reached skill level 10 in Axes
  2819 | D:5      | Reached skill level 4 in Evocations
  2861 | D:5      | Reached skill level 1 in Stealth
  2873 | D:5      | Found Doc Mimi's Armour Shoppe.
  2880 | D:5      | Bought a +0 helmet for 58 gold pieces
  2898 | D:5      | Noticed Eustachio
  2901 | D:5      | Noticed Menkaure
  2903 | D:5      | Killed Menkaure
  2903 | D:5      | Reached skill level 1 in Dodging
  2905 | D:5      | Killed Eustachio
  2932 | D:5      | Found Iskaurgh's Antique Weapon Shoppe.
  3052 | D:5      | Found Zoafad's Food Shop.
  3228 | D:6      | Gained mutation: Your mind is acute. (Int +2) [potion of mutation]
  3228 | D:6      | Gained mutation: You are robust (+10% HP). [potion of mutation]
  3228 | D:6      | Gained mutation: You have sharp toenails. [potion of mutation]
  3229 | D:6      | Gained mutation: You have razor-sharp toenails. [potion of mutation]
  3229 | D:6      | Lost mutation: You are robust (+10% HP). [potion of mutation]
  3366 | D:6      | Noticed Pikel
  3379 | D:6      | Killed Pikel
  3379 | D:6      | Reached skill level 5 in Evocations
  3379 | D:6      | Gained mutation: You passively map the area around you. [Deep Dwarf growth]
  3379 | D:6      | Reached XP level 9. HP: 49/76 MP: 10/12
  3405 | D:6      | Reached * piety under Pakellas
  3405 | D:6      | Received a gift from Pakellas
  3744 | D:6      | Noticed Dowan
  3747 | D:6      | Noticed Duvessa
  3752 | D:6      | Killed Duvessa
  3955 | D:6      | Killed Dowan
  4084 | D:7      | Found a flagged portal.
  4094 | Bailey   | Entered a bailey
  4161 | Bailey   | Reached skill level 6 in Evocations
  4729 | D:7      | Reached skill level 5 in Stealth
  4793 | D:7      | Found a staircase to the Ecumenical Temple.
  4949 | D:7      | Reached XP level 10. HP: 84/87 MP: 7/14
  5333 | D:8      | Noticed Erica
  5335 | D:8      | Reached skill level 7 in Evocations
  5359 | D:8      | Killed Erica
  5359 | D:8      | Reached skill level 5 in Fighting
  5395 | D:8      | Found a staircase to the Lair.
  5423 | D:8      | Reached ** piety under Pakellas
  5423 | D:8      | Received a gift from Pakellas
  5597 | D:8      | Reached skill level 5 in Armour
  5690 | D:8      | Gained mutation: You are clumsy. (Dex -2) [mutagenic meat]
  5691 | D:8      | Lost mutation: You are clumsy. (Dex -2) [mutagenic meat]
  5693 | D:8      | Gained mutation: Your movements are slightly less encumbered by armour (ER -2). [mutagenic meat]
  5714 | D:8      | Noticed Maurice
  5726 | D:8      | Killed Maurice
  5786 | D:8      | Reached skill level 5 in Dodging
  6022 | D:8      | Found a bloodstained altar of Trog.
  6022 | D:8      | Found an iron altar of Okawaru.
  6282 | D:9      | Reached skill level 8 in Evocations
  6695 | D:10     | Entered Level 10 of the Dungeon
  6734 | D:10     | Reached *** piety under Pakellas
  6734 | D:10     | Received a gift from Pakellas
  6750 | D:10     | Reached XP level 11. HP: 77/97 MP: 7/16
  6970 | D:10     | Noticed a two-headed hydra
  6990 | D:10     | Killed a nine-headed hydra
  7252 | D:10     | Noticed Nergalle
  7259 | D:10     | Killed Nergalle
  7259 | D:10     | Reached skill level 9 in Evocations
  7276 | D:10     | Noticed Maud
  7318 | D:10     | Killed Maud
  7510 | D:10     | Killed an unseen horror
  7882 | D:11     | Reached **** piety under Pakellas
  7882 | D:11     | Received a gift from Pakellas
  8090 | D:11     | Noticed a hill giant
  8108 | D:11     | Killed a hill giant
  8247 | D:12     | Noticed a six-headed hydra
  8264 | D:12     | Killed a six-headed hydra
  8267 | D:12     | Noticed a hill giant
  8294 | D:12     | Killed a hill giant
  8294 | D:12     | Reached skill level 10 in Evocations
  8415 | D:12     | Reached XP level 12. HP: 49/109 MP: 16/16
  8420 | D:12     | Gained mutation: Your muscles are strong. (Str +2) [mutagenic meat]
  8421 | D:12     | Gained mutation: You can translocate small distances at will. [mutagenic meat]
  8423 | D:12     | Lost mutation: Your muscles are strong. (Str +2) [mutagenic meat]
  8492 | D:12     | Reached ***** piety under Pakellas
  8492 | D:12     | Received a gift from Pakellas
  8721 | D:12     | Noticed a six-headed hydra
  8740 | D:12     | Killed a six-headed hydra
  8852 | D:12     | Found a staircase to the Orcish Mines.
  9356 | D:12     | Noticed a tengu warrior
  9386 | D:12     | Killed a tengu warrior
  9395 | D:12     | Reached skill level 11 in Evocations
  9418 | D:12     | Gained mutation: You are partially covered in molten scales (AC +1). [mutagenic meat]
  9526 | D:12     | Reached skill level 15 in Axes
  9529 | D:12     | Gained mutation: Your magical capacity is low (-10% MP). [mutagenic meat]
  9530 | D:12     | Lost mutation: Your magical capacity is low (-10% MP). [mutagenic meat]
  9603 | D:12     | Got an ivory scimitar
  9604 | D:12     | Identified the +6 scimitar of the Evening {drain, rElec rC+ MR+ Str-3} (You found it on level 12 of the Dungeon)
  9815 | Lair:1   | Entered Level 1 of the Lair of Beasts
 10153 | Lair:1   | Noticed a five-headed hydra
 10183 | Lair:1   | Killed a 17-headed hydra
 10453 | Lair:2   | Noticed Gastronok
 10461 | Lair:2   | Killed Gastronok
 10461 | Lair:2   | Reached XP level 13. HP: 109/117 MP: 9/14
 10768 | Lair:2   | Reached skill level 12 in Evocations
 10779 | Lair:2   | Found a glowing golden altar of the Shining One.
 11364 | Lair:2   | Reached ****** piety under Pakellas
 11365 | Lair:2   | Identified a +10 iron rod (18/18) {god gift} (supercharged by Pakellas)
 12046 | Lair:3   | Found a glowing golden altar of the Shining One.
 12584 | D:5      | Bought the +8 plate armour of Nonysaz {rN++ rCorr Str+3 Stlth+} for 1237 gold pieces
 12793 | Lair:4   | Reached skill level 10 in Armour
 12927 | Lair:4   | Found a staircase to the Shoals.
 13005 | Lair:4   | Found a hole to the Spider Nest.
 13820 | Lair:5   | Reached skill level 13 in Evocations
 14488 | Lair:6   | Gained mutation: You passively map a large area around you. [helix card]
 14629 | Lair:6   | Noticed Rupert
 14649 | Lair:6   | Killed Rupert
 14649 | Lair:6   | Gained mutation: You resist negative energy. [Deep Dwarf growth]
 14649 | Lair:6   | Reached XP level 14. HP: 100/129 MP: 16/16
 15066 | Lair:6   | Noticed Josephine
 15077 | Lair:6   | Killed Josephine
 15775 | Lair:7   | Reached skill level 10 in Fighting
 15778 | Lair:7   | Noticed Snorg
 16013 | Lair:7   | Found a viscous altar of Jiyva.
 16018 | Lair:7   | Found a staircase to the Slime Pits.
 16070 | Lair:7   | Killed Snorg
 16516 | Lair:8   | Entered Level 8 of the Lair of Beasts
 16626 | Lair:8   | Reached skill level 14 in Evocations
 16939 | Lair:8   | Lost mutation: Your mind is acute. (Int +2) [potion of cure mutation]
 16939 | Lair:8   | Lost mutation: You can translocate small distances at will. [potion of cure mutation]
 16939 | Lair:8   | Lost mutation: Your movements are slightly less encumbered by armour (ER -2). [potion of cure mutation]
 16939 | Lair:8   | Lost mutation: You are partially covered in molten scales (AC +1). [potion of cure mutation]
 17822 | Orc:1    | Entered Level 1 of the Orcish Mines
 17830 | Orc:1    | Reached XP level 15. HP: 119/140 MP: 16/18
 18239 | Orc:2    | Entered Level 2 of the Orcish Mines
 18510 | Orc:2    | Found a roughly hewn altar of Beogh.
 18528 | Orc:2    | Noticed an orc warlord
 18557 | Orc:2    | Killed an orc warlord
 18574 | Orc:2    | Found Zeofuemp's Antique Weapon Shop.
 18586 | Orc:2    | Found Avoafa's Book Shop.
 18696 | Orc:2    | Noticed Saint Roka
 18696 | Orc:2    | Noticed Donald
 18878 | Orc:2    | Found a staircase to the Elven Halls.
 18911 | Orc:2    | Killed Saint Roka
 19016 | Orc:2    | Found Sohut's General Store.
 19022 | Orc:2    | Bought 2 scrolls of identify for 56 gold pieces
 19022 | Orc:2    | Bought 3 scrolls of identify for 84 gold pieces
 19047 | Orc:2    | Killed Donald
 19052 | Orc:2    | Found Zatofeuj's Antique Armour Shop.
 19058 | Orc:2    | Bought an embroidered cloak for 180 gold pieces
 19957 | D:14     | Found a gate to the Vaults.
 20200 | D:14     | Reached skill level 15 in Evocations
 20244 | D:14     | Gained mutation: You are partially covered in rugged brown scales (AC +1, +3% HP). [potion of beneficial mutation]
 20459 | D:14     | Gained mutation: You are frail (-10% HP). [mutagenic meat]
 20617 | D:15     | Entered Level 15 of the Dungeon
 20802 | D:15     | Gained mutation: You have sharp fingernails. [mutagenic meat]
 20803 | D:15     | Gained mutation: You are occasionally teleported next to monsters. [mutagenic meat]
 20828 | D:15     | Found a frozen archway.
 21580 | D:15     | Lost mutation: You passively map a large area around you. [potion of mutation]
 21580 | D:15     | Lost mutation: You have sharp fingernails. [potion of mutation]
 21589 | D:15     | Lost mutation: You are occasionally teleported next to monsters. [potion of cure mutation]
 21589 | D:15     | Lost mutation: You are frail (-10% HP). [potion of cure mutation]
 21589 | D:15     | Lost mutation: You are partially covered in rugged brown scales (AC +1, +3% HP). [potion of cure mutation]
 21589 | D:15     | Lost mutation: You have razor-sharp toenails. [potion of cure mutation]
 21633 | D:15     | Noticed Sonja
 21653 | D:15     | Killed Sonja
 21791 | D:15     | Reached XP level 16. HP: 151/151 MP: 16/20
 21907 | D:15     | Found a staircase to the Depths.
 22337 | Spider:1 | Entered Level 1 of the Spider Nest
 23404 | Spider:1 | You fall through a shaft!
 23504 | Spider:2 | Reached skill level 16 in Evocations
 24527 | Spider:3 | Gained mutation: Your flesh is cold resistant. [potion of mutation]
 24527 | Spider:3 | Gained mutation: You are partially covered in rough black scales (AC +4, Dex -1). [potion of mutation]
 24527 | Spider:3 | Gained mutation: You are surrounded by a mild repulsion field (EV +2). [potion of mutation]
 24618 | Spider:3 | Identified a scroll of acquirement
 24968 | Spider:4 | Entered Level 4 of the Spider Nest
 25160 | Spider:4 | Noticed Arachne
 25230 | Spider:4 | Reached XP level 17. HP: 141/162 MP: 4/22
 25609 | Spider:4 | Gained mutation: You are occasionally teleported next to monsters. [mutagenic meat]
 25610 | Spider:4 | Gained mutation: You are agile. (Dex +2) [mutagenic meat]
 25612 | Spider:4 | Gained mutation: Scrolls take you a little longer to read. [mutagenic meat]
 25613 | Spider:4 | Lost mutation: Scrolls take you a little longer to read. [mutagenic meat]
 25854 | Spider:4 | Killed Arachne
 26034 | Spider:4 | Reached skill level 17 in Evocations
 26085 | Spider:4 | Got a gossamer rune of Zot
 26657 | Spider:4 | Gained mutation: You are frail (-10% HP). [mutagenic meat]
 26658 | Spider:4 | Gained mutation: Your spells are a little easier to cast, but a little less powerful. [mutagenic meat]
 26659 | Spider:4 | Gained mutation: You are very agile. (Dex +4) [mutagenic meat]
 27060 | Elf:1    | Entered Level 1 of the Elven Halls
 27084 | Elf:1    | Found a gateway to a bazaar.
 27092 | Bazaar   | Entered a bazaar
 27094 | Bazaar   | Found Ipooseag's General Store.
 27098 | Bazaar   | Found Fanwott's Antique Armour Boutique.
 27098 | Bazaar   | Found Maremi's Distillery.
 27099 | Bazaar   | Found Jabi's Gadget Boutique.
 27104 | Bazaar   | Bought a potion of heal wounds for 45 gold pieces
 27104 | Bazaar   | Bought a potion of mutation for 22 gold pieces
 27104 | Bazaar   | Bought a potion of curing for 27 gold pieces
 27104 | Bazaar   | Gained mutation: You are resistant to hostile enchantments. [potion of mutation]
 27104 | Bazaar   | Gained mutation: You are dopey. (Int -2) [potion of mutation]
 27145 | Elf:1    | Noticed Nikola
 27156 | Elf:1    | Killed Nikola
 27157 | Elf:1    | Found Oxtet's Food Boutique.
 27189 | Elf:1    | Found Xaces's Food Shoppe.
 27206 | Elf:1    | Found Icim's Book Shoppe.
 27323 | Elf:1    | Identified the Compendium of Darkness
 28320 | Elf:1    | Found Onemi's Magic Scroll Boutique.
 28696 | Elf:2    | Got a slimy wooden ring
 28703 | Elf:2    | Got a pitted iron amulet
 28705 | Elf:2    | Identified the amulet of Fulineiz {Reflect +Inv Dex+2 SH+2} (You found it on level 2 of the Elven Halls)
 28708 | Elf:2    | Identified the cursed ring "Utwulus" {+Fly rC+ rN++ Str-2 Dex-2} (You took it off a deep elf archer on level 2 of the Elven Halls)
 28875 | Elf:2    | Found a huge runed gate.
 28875 | Elf:2    | Found a huge runed gate.
 28875 | Elf:2    | Found a huge runed gate.
 28934 | Elf:2    | Reached skill level 10 in Dodging
 28934 | Elf:2    | Gained mutation: You passively map a large area around you. [Deep Dwarf growth]
 28934 | Elf:2    | Reached XP level 18. HP: 99/153 MP: 4/23
 29371 | Elf:2    | Reached skill level 15 in Armour
 29484 | Elf:3    | Entered Level 3 of the Elven Halls
 29589 | Elf:3    | Reached skill level 18 in Evocations
 29700 | Elf:3    | Drew Focus: Str increased to 23, Int decreased to 8
 30036 | Elf:3    | Noticed an Ice Fiend
 30060 | Elf:3    | Identified a +0 rod of ignition (11/11) (You found it on level 3 of the Elven Halls)
 30337 | Elf:3    | Got a scorched emerald amulet
 30337 | Elf:3    | Got a sparkling brass amulet
 30340 | Elf:3    | Identified the amulet "Qohimill" {RegenMP *Contam +Blink rPois} (You took it off a deep elf blademaster on level 3 of the Elven Halls)
 30341 | Elf:3    | Identified the amulet of Mirth {Dismiss Int+2} (You took it off a deep elf blademaster on level 3 of the Elven Halls)
 30621 | Elf:3    | Gained mutation: Your body sometimes deteriorates upon taking damage. [potion of mutation]
 30689 | Elf:3    | Reached XP level 19. HP: 149/163 MP: 1/25
 30824 | Elf:3    | Identified the Handbook of Earthen Contamination
 30826 | Elf:3    | Identified Wuowukk's Incunabulum of Supportive Clay
 31444 | Elf:3    | Identified the Papyrus of Necromancy and Toxins
 31447 | Elf:3    | Identified the Papyrus of Boosts and the Snowflakes
 31476 | Elf:3    | Identified the Almanac of Feathers and Earth
 31883 | Shoals:1 | Entered Level 1 of the Shoals
 32248 | Shoals:1 | Reached skill level 19 in Evocations
 33379 | Shoals:3 | Noticed Louise
 33397 | Shoals:3 | Killed Louise
 33589 | Shoals:3 | Found a glowing golden altar of the Shining One.
 33980 | Shoals:4 | Entered Level 4 of the Shoals
 34044 | Shoals:4 | Noticed Jorgrun
 34055 | Shoals:4 | Killed Jorgrun
 34106 | Shoals:4 | Noticed Warped's ghost (adept HOGl)
 34124 | Shoals:4 | Noticed Mara
 34133 | Shoals:4 | Killed Mara
 34171 | Shoals:4 | Noticed Ilsuiw
 34232 | Shoals:4 | Noticed Polyphemus
 34232 | Shoals:4 | Killed Ilsuiw
 34242 | Shoals:4 | Killed Polyphemus
 34481 | Shoals:4 | Gained mutation: You are very frail (-20% HP). [potion of mutation]
 34481 | Shoals:4 | Lost mutation: You are dopey. (Int -2) [potion of mutation]
 34482 | Shoals:4 | Lost mutation: Your flesh is cold resistant. [potion of mutation]
 34482 | Shoals:4 | Lost mutation: You have sharp toenails. [potion of mutation]
 34521 | Shoals:4 | Lost mutation: You are very frail (-20% HP). [potion of cure mutation]
 34521 | Shoals:4 | Lost mutation: Your body sometimes deteriorates upon taking damage. [potion of cure mutation]
 34521 | Shoals:4 | Lost mutation: You are frail (-10% HP). [potion of cure mutation]
 34521 | Shoals:4 | Lost mutation: You are resistant to hostile enchantments. [potion of cure mutation]
 34521 | Shoals:4 | Lost mutation: Your spells are a little easier to cast, but a little less powerful. [potion of cure mutation]
 34521 | Shoals:4 | Lost mutation: You are surrounded by a mild repulsion field (EV +2). [potion of cure mutation]
 34616 | Shoals:4 | Killed Warped's ghost
 34720 | Shoals:4 | Got a smoking hat
 34731 | Shoals:4 | Identified the +0 hat of Temperance {rElec} (You acquired it on level 4 of the Shoals)
 34982 | Shoals:4 | Got a barnacled rune of Zot
 35110 | Shoals:4 | Reached XP level 20. HP: 174/193 MP: 1/26
 35643 | Depths:1 | Entered Level 1 of the Depths
 36118 | Depths:1 | Reached skill level 15 in Fighting
 36122 | Depths:1 | Reached skill level 20 in Evocations
 36252 | Depths:1 | Gained mutation: Your spells are a little easier to cast, but a little less powerful. [mutagenic meat]
 36253 | Depths:1 | Gained mutation: You are frail (-10% HP). [mutagenic meat]
 36254 | Depths:1 | Gained mutation: You expend magic power (3 MP) to strengthen your wands. [mutagenic meat]
 36255 | Depths:1 | Gained mutation: You are somewhat resistant to further mutation. [mutagenic meat]
 36256 | Depths:1 | Lost mutation: You are frail (-10% HP). [mutagenic meat]
 36264 | Depths:1 | Found Dicirrus's Armour Shoppe.
 36367 | Depths:1 | Found a gateway to Hell.
 36592 | Depths:1 | Found a one-way gate to the infinite horrors of the Abyss.
 37686 | Depths:2 | Noticed a juggernaut
 37932 | Depths:2 | Killed a juggernaut
 38497 | Depths:2 | Found a gateway to a ziggurat.
 39049 | Depths:2 | Gained mutation: You are partially covered in icy blue scales (AC +1). [mutagenic meat]
 39050 | Depths:2 | Gained mutation: You are somewhat resistant to both further mutation and mutation removal. [mutagenic meat]
 39055 | Depths:2 | Gained mutation: You have a pair of small horns on your head. [mutagenic meat]
 39060 | Depths:2 | Lost mutation: You are very agile. (Dex +4) [mutagenic meat]
 39241 | Depths:2 | Reached skill level 21 in Evocations
 39510 | Depths:2 | Reached XP level 21. HP: 79/204 MP: 4/28
 40032 | Depths:2 | Reached skill level 15 in Dodging
 40255 | Depths:3 | Found Cueneu's Gadget Boutique.
 40901 | Depths:3 | Found a one-way gate leading to the halls of Pandemonium.
 41215 | Depths:3 | Identified the Guide on the Frigorific Voyage
 41217 | Depths:3 | Identified the Guide on Poisonous Confrontation
 41263 | Depths:3 | Gained mutation: Scrolls take you a little longer to read. [a cacodemon]
 41755 | Depths:4 | Lost mutation: Scrolls take you a little longer to read. [mutagenic meat]
 41756 | Depths:4 | Lost mutation: You are partially covered in icy blue scales (AC +1). [mutagenic meat]
 41829 | Depths:4 | Noticed a caustic shrike
 41845 | Depths:4 | Killed a caustic shrike
 41846 | Depths:4 | Noticed a golden dragon
 41871 | Depths:4 | Reached skill level 22 in Evocations
 41880 | Depths:4 | a golden dragon changed into an alligator snapping turtle
 41924 | Depths:4 | Noticed Frederick
 41924 | Depths:4 | Noticed a golden dragon
 41946 | Depths:4 | Killed Frederick
 41983 | Depths:4 | Killed a golden dragon
 42037 | Depths:4 | Reached XP level 22. HP: 18/216 MP: 3/30
 42399 | Depths:4 | Noticed a caustic shrike
 42407 | Depths:4 | Killed a caustic shrike
 42449 | Depths:4 | Got an ancient iron ring
 42451 | Depths:4 | Identified the ring of Yffimaym {MR+ Str+3} (You found it on level 4 of the Depths)
 43032 | Depths:5 | Entered Level 5 of the Depths
 43440 | Depths:5 | Found a gate to the Realm of Zot.
 43789 | Depths:5 | Noticed a juggernaut
 43791 | Depths:5 | Noticed Margery
 43794 | Depths:5 | Slain by a juggernaut

Skill      XL: |  1  2  3  4  5  6  7  8  9 10 11 12 13 14 15 16 17 18 19 20 21 22 |
---------------+-------------------------------------------------------------------+-----
Axes           | 3 6 7 8 9 10 11 12 14 15 16 18 19 20 21 | 21.0
Evocations     | 3 5 6 8 10 11 13 14 15 16 17 18 19 21 22 | 22.5
Stealth        | 3 5 6 7 |  7.2
Fighting       | 3 4 5 7 8 9 10 11 12 13 14 15 16 17 | 17.0
Dodging        | 2 4 5 8 10 11 13 14 16 | 16.5
Armour         | 4 5 7 9 10 11 12 13 14 15 16 18 19 | 19.3
Shields        | |  3.2

Action                   |  1- 3 |  4- 6 |  7- 9 | 10-12 | 13-15 | 16-18 | 19-21 | 22-24 || total
-------------------------+-------+-------+-------+-------+-------+-------+-------+-------++-------
Melee: War axe           |   114 |    99 |       |       |       |       |       |       ||   213
       Hand axe          |       |    33 |    98 |       |       |       |       |       ||   131
       Battleaxe         |       |       |   201 |   692 |  1468 |  1356 |  1785 |   211 ||  5713
       Headbutt          |       |       |       |       |       |       |   203 |    67 ||   270
Invok: Quick Charge      |       |       |    14 |    15 |    50 |    94 |    76 |    13 ||   262
       Supercharge       |       |       |       |       |     1 |       |       |       ||     1
 Abil: Device Recharging |       |     1 |       |     6 |       |       |       |       ||     7
       Evoke Flight      |       |       |       |       |       |       |    13 |     1 ||    14
Evoke: Wand              |     5 |     1 |    13 |    81 |   118 |   273 |   131 |    16 ||   638
       Sack of spiders   |       |       |       |    10 |     1 |       |       |       ||    11
       Deck              |       |       |       |       |     5 |    11 |       |       ||    16
       Rod               |       |       |       |       |    10 |    16 |    33 |     2 ||    61
       Phial of floods   |       |       |       |       |     2 |     6 |     4 |     2 ||    14
       Box of beasts     |       |       |       |       |       |       |    15 |       ||    15
       Lamp of fire      |       |       |       |       |       |       |     6 |     2 ||     8
       Phantom mirror    |       |       |       |       |       |       |       |     1 ||     1
  Use: Scroll            |     3 |     1 |     1 |    16 |    22 |    16 |    14 |     1 ||    74
       Potion            |     2 |       |     2 |     5 |    12 |    12 |    23 |     4 ||    60
 Stab: Confused          |       |       |       |     4 |       |     3 |    10 |     1 ||    18
       Distracted        |       |       |       |       |     2 |       |     4 |       ||     6
       Petrifying        |       |       |       |       |       |       |    16 |       ||    16
       Paralysed         |       |       |       |       |       |       |    20 |     1 ||    21
       Petrified         |       |       |       |       |       |       |     5 |       ||     5
  Eat: Meat ration       |     1 |       |     2 |     3 |     6 |     3 |     4 |       ||    19
       Fruit             |       |       |     3 |     6 |    19 |    20 |    11 |       ||    59
       Pizza             |       |       |     2 |     4 |     3 |     1 |     1 |       ||    11
       Bread ration      |       |       |     1 |     2 |       |     2 |     7 |     2 ||    14
       Royal jelly       |       |       |     1 |     1 |     1 |       |       |       ||     3
       Chunk             |       |       |       |    13 |     8 |     9 |    54 |     2 ||    86
       Beef jerky        |       |       |       |     1 |     2 |     6 |     2 |     1 ||    12
Armor: Scale mail        |    55 |    34 |    42 |       |       |       |       |       ||   131
       Plate armour      |       |       |   199 |   545 |  1143 |  1341 |  1118 |    98 ||  4444
Dodge: Dodged            |    36 |    33 |   172 |   377 |   876 |   947 |  1284 |   104 ||  3829
Block: Shield            |    53 |    62 |    35 |       |       |       |       |       ||   150
       Other             |       |       |       |       |       |    23 |   120 |    14 ||   157
       Reflection        |       |       |       |       |       |     3 |     4 |     3 ||    10
